 Dungeon Crawl Stone Soup version 0.30-b1-2-g02819fbbbe (webtiles) character file.

Game seed: 4319934559752839264

25 raph the Caller (level 2, -1/16 HPs)
             Began as a Deep Elf Summoner on Dec 16, 2023.
             Succumbed to an adder's poison
             ... on level 2 of the Dungeon.
             The game lasted 00:01:55 (874 turns).

raph the Caller (Deep Elf Summoner)                  Turns: 874, Time: 00:01:56

Health: -1/16      AC:  2    Str:  5    XL:     2   Next: 82%
Magic:  5/8        EV: 12    Int: 19    God:
Gold:   105        SH:  3    Dex: 15    Spells: 4/7 levels left

rFire   . . .        e - +0 dagger
rCold   . . .        l - +0 buckler
rNeg    . . .        a - +0 robe
rPois   .            (no helmet)
rElec   .            (no cloak)
rCorr   .            (no gloves)
SInv    .            (no boots)
Will    .....        (no amulet)
Stlth   ++           (no ring)
HPRegen 0.22/turn    (no ring)
MPRegen 0.11/turn

%: no passive effects
@: lethally poisoned (-1 -> -7), hasted, very quick
A: no striking features
a: no special abilities


You were on level 2 of the Dungeon.
You visited 1 branch of the dungeon, and saw 2 of its levels.

You collected 105 gold pieces.

Inventory:

Hand Weapons
 d - a +0 hand axe
 e - a +0 dagger (weapon)
Armour
 a - a +0 robe (worn)
 l - a +0 buckler (worn)
Wands
 k - a wand of mindburst (6)
Scrolls
 c - a scroll of teleportation {unknown}
 f - a scroll of enchant weapon {unknown}
 g - a scroll of butterflies {unknown}
 j - a scroll of enchant armour {unknown}
 n - a scroll of fog {unknown}
Potions
 b - a potion of magic
 i - a potion of mutation {unknown}
 m - a potion of curing {unknown}


   Skills:
 + Level 0.4 Fighting
 + Level 2.8 Dodging
 + Level 2.9 Stealth
 + Level 0.0 Shields
 + Level 3.3 Spellcasting
 * Level 4.7 Summonings


You had 4 spell levels left.
You knew the following spells:

 Your Spells              Type           Power      Damage    Failure   Level
a - Summon Small Mammal   Summ           84%        N/A       4%          1
b - Call Imp              Summ           42%        N/A       6%          2

Your spell library contained the following spells:

 Spells                   Type           Power      Damage    Failure   Level
 Call Canine Familiar     Summ           21%        N/A       12%         3
 Magic Dart               Conj           12%        1d3       28%         1
 Summon Guardian Golem    Hex/Summ       12%        N/A       32%         3
 Searing Ray              Conj           6%         2d4       41%         2
 Summon Lightning Spire   Summ/Air       12%        N/A       71%         4
 Fulminant Prism          Conj/Hex       1%         3d5       96%         4


Dungeon Overview and Level Annotations

Branches:
Dungeon (2/15)

Altars:


Message History

You see here 4 boomerangs.
The adder hisses angrily.
Casting: Call Imp (safe; 6% risk of failure)
Confirm with . or Enter, or press ? or * to list all spells.
Casting: Summon Small Mammal (safe; 4% risk of failure)
Confirm with . or Enter, or press ? or * to list all spells.
A tiny devil pulls itself out of the air.
Your rat misses the adder.
A goblin comes into view. It is wielding a +0 club.
You hit the adder but do no damage. The adder bites you.
The adder closely misses you.
Your rat misses the adder.
Your cerulean imp barely misses the adder.
You hit the adder.
The adder is moderately wounded.
The adder bites you.
You are poisoned.
The adder poisons you!
Your rat completely misses the adder.
Your cerulean imp hits the adder from afar with a -2 spear.
You barely miss the adder.
The adder is moderately wounded.
You feel sick. You block the adder's attack.
Your rat misses the adder.
Your cerulean imp hits the adder but does no damage.
The goblin closely misses you. The adder barely misses you.
You hit the adder.
The adder is heavily wounded.
You feel sick. The adder bites you.
Your rat closely misses the adder.
You block the goblin's attack.
Your cerulean imp hits the adder from afar with a -2 spear.
You hit the adder.
The adder is heavily wounded.
You feel sick. The adder bites you.
* * * LOW HITPOINT WARNING * * *
You are lethally poisoned!
The adder poisons you!
Your rat misses the adder. The goblin hits you with a +0 club.
* * * LOW HITPOINT WARNING * * *
Your cerulean imp barely misses the adder.
The adder completely misses you.
It was a potion of haste.
You feel yourself speed up.
You die...

# ##### #. .... .. .!..
#.####.#.# #......#.#
#....g##.###
#.#..@.....#
.#.S....#.#####.##
.....r.5.....<.....#
###..#.###....######...
#..#.........[.......
..............#####.##
##.#...#####...#
....#.##......# #.# .#<
#.....## #.#


You could see an adder (ally target), a goblin, a friendly cerulean imp
(summoned) and a friendly rat (summoned).

Vanquished Creatures
  2 endoplasms (D:1)
  2 giant cockroaches (D:1)
  A goblin (D:1)
  A hobgoblin (D:1)
  A quokka (D:1)
  2 ball pythons (D:1)
  A kobold (D:1)
  A rat (D:1)
11 creatures vanquished.

Vanquished Creatures (collateral kills)
  2 ball pythons (D:1)
  An endoplasm (D:2)
  A hobgoblin (D:1)
  A frilled lizard (D:1)
  4 goblins
  2 kobolds (D:1)
11 creatures vanquished.

Grand Total: 22 creatures vanquished

Notes
Turn   | Place    | Note
-------+----------+-------------------------------------------
     0 | D:1      | raph the Deep Elf Summoner began the quest for the Orb.
     0 | D:1      | Reached XP level 1. HP: 10/10 MP: 6/6
   145 | D:1      | Reached XP level 2. HP: 15/15 MP: 6/8
   302 | D:1      | Learned a level 2 spell: Call Imp
   425 | D:1      | Found a faded altar of an unknown god.
   874 | D:2      | Succumbed to an adder's poison

Illustrated notes

Levels and vault maps discovered:
D:1:      saegor_arrival_simple_a, layout_rooms, shapermc_ecumenical_altar_venn,
          minmay_tripent
D:2:      layout_basic, basic_altar, grunt_ministairs_15

Action                     || total
---------------------------++-------
  Melee: Dagger            ||    48
         Hand axe          ||     8
   Cast: Summon Small Mamm ||    16
         Call Imp          ||     5
    Use: Potion            ||     1
   Stab: Sleeping          ||     1
 Armour: Robe              ||     8
  Dodge: Dodged            ||    43
  Block: Buckler           ||     2
